 Dungeon Crawl Stone Soup version 0.25.0-26-g0c896c7088 (webtiles) character file.

Game seed: 5144904513948921095

75 Esekla the Grave Robber (level 4, -1/32 HPs)
             Began as a Formicid Necromancer on July 1, 2020.
             Slain by Edmund
             ... wielding a +0 vorpal dire flail
              (3 damage)
             ... on level 4 of the Dungeon.
             The game lasted 00:13:29 (2281 turns).

Esekla the Grave Robber (Formicid Necromancer)      Turns: 2281, Time: 00:13:29

Health: -1/32      AC:  3    Str: 13    XL:     4   Next: 55%
Magic:  8/8        EV: 12    Int: 15    God:
Gold:   116        SH:  0    Dex: 11    Spells: 4/8 levels left

rFire    . . .     SeeInvis +   p - +2 dagger (venom)
rCold    . . .     Gourm    .   (no shield)
rNeg     . . .     Faith    .   b - +0 leather armour
rPois    .         Spirit   .   (helmet unavailable)
rElec    .         Reflect  .   (no cloak)
rCorr    .         Harm     .   (no gloves)
MR       .....                  (no boots)
Stlth    ++........             t - amulet of magic regeneration
HPRegen  0.10/turn              (no ring)
MPRegen  0.36/turn              (no ring)

@: no status effects
A: permanent stasis, dig shafts and tunnels, four strong arms, antennae 3
a: Dig, Shaft Self


You were on level 4 of the Dungeon.
You were hungry.

You visited 1 branch of the dungeon, and saw 4 of its levels.

You collected 116 gold pieces.

Inventory:

Hand Weapons
 p - a +2 dagger of venom (weapon)
 v - a +0 spear
Missiles
 u - 7 poisoned darts (quivered)
Armour
 a - a +0 robe
 b - a +0 leather armour (worn)
Jewellery
 t - an amulet of magic regeneration (around neck)
Scrolls
 e - a scroll of remove curse {unknown}
 h - a scroll of blinking {unknown}
 i - a scroll of amnesia {unknown}
 j - 2 scrolls of identify {unknown}
 l - a scroll of magic mapping {unknown}
 m - a scroll of fog {unknown}
 q - 3 scrolls of teleportation {unknown}
 s - a scroll of immolation {unknown}
Potions
 d - a potion of might {unknown}
 f - a potion of mutation {unknown}
 g - a potion of heal wounds {unknown}
 k - a potion of curing {unknown}
 n - 2 potions of flight {unknown}
 o - a potion of ambrosia {unknown}
 r - a potion of berserk rage {unknown}
Comestibles
 c - 4 rations


   Skills:
 * Level 1.4 Fighting
 + Level 1.0 Short Blades
 + Level 0.1 Throwing
 * Level 0.2 Armour
 + Level 2.0 Dodging
 + Level 3.0 Stealth
 * Level 2.8 Spellcasting
 + Level 4.5 Necromancy


You had 4 spell levels left.
You knew the following spells:

 Your Spells              Type           Power        Failure   Level  Hunger
a - Pain                  Necr           ###.         4%          1    #......
d - Vampiric Draining     Necr           ###.......   12%         3    ###....

Your spell library contained the following spells:

 Spells                   Type           Power        Failure   Level  Hunger
 Animate Skeleton         Necr           N/A          4%          1    #......
 Animate Dead             Necr           N/A          38%         4    #####..
 Agony                    Necr           ###.....     75%         5    ######.


Dungeon Overview and Level Annotations

Branches:
Dungeon (3/15)

Altars:
Elyvilon
Uskayaw
Xom

Annotations:
D:2 Natasha
D:3 Ijyb
D:4 Edmund


Innate Abilities, Weirdness & Mutations

You cannot be hasted, slowed, berserked, paralysed or teleported.
You can dig through walls and to a lower floor.
Your four strong arms can wield two-handed weapons with a shield.
You have a pair of large antennae on your head. (SInv)


Message History

Found a scroll labeled BEONUH UCLYM.
Found a long sword.
Edmund the Younger comes into view.
He is wielding a +0 vorpal dire flail. 2 orcs come into view.
An orc is wielding a +0 morningstar of protection.
Edmund shouts!
An orc priest comes into view. It is wielding a +0 flail.
Found a scroll labeled BEONUH UCLYM.
Found a stone staircase leading down.
The orc shouts!
You hear a shout!
Edmund drinks a potion.
Edmund seems to speed up.
An orc comes into view.
It is wearing the ring of Surprise {rN+ Int+2 SInv}.
The orc moves out of view.
Edmund clears his throat.
You hit Edmund but do no damage.
Edmund is poisoned.
Edmund hits you with a +0 vorpal dire flail! x2
Edmund barely misses you. Edmund barely misses you.
Edmund hits you with a +0 vorpal dire flail!
* * * LOW HITPOINT WARNING * * *
You die...

#. ...{...#
#.#####...).#
#....###.#..#
#...........#
####.###..?.#
#.# ###..#
##########o#
>.#
........##@#
.?#
.........@.#
.#
#######.####
.# #.#
#.########
#.........
##.#######
#.# ..# ###


You could see Edmund (fast, very poisoned) and an orc.

Vanquished Creatures
  Robin (D:2)
  2 adders
  A worm (D:2)
  2 leopard geckos
  An orc (D:2)
  5 bats
  A giant cockroach (D:2)
  11 goblins
  7 hobgoblins
  A kobold (D:2)
  A ball python (D:2)
  3 frilled lizards
  5 rats
41 creatures vanquished.

Notes
Turn   | Place    | Note
-------+----------+-------------------------------------------
     0 | D:1      | Esekla the Formicid Necromancer began the quest for the
                  | Orb.
     0 | D:1      | Reached XP level 1. HP: 13/13 MP: 3/3
    60 | D:1      | Found a shimmering altar of Xom.
   273 | D:2      | Reached XP level 2. HP: 10/19 MP: 3/5
   476 | D:2      | Found a hide-covered altar of Uskayaw.
  1065 | D:2      | Reached XP level 3. HP: 22/25 MP: 2/6
  1105 | D:2      | Reached skill level 1 in Fighting
  1258 | D:1      | Learned a level 3 spell: Vampiric Draining
  1765 | D:2      | Noticed Robin
  1783 | D:2      | Reached XP level 4. HP: 31/32 MP: 6/8
  1796 | D:2      | Killed Robin
  1836 | D:2      | Found a white marble altar of Elyvilon.
  1836 | D:2      | Found a shimmering altar of Xom.
  1972 | D:3      | Reached skill level 1 in Short Blades
  1973 | D:3      | Noticed Ijyb
  2005 | D:2      | Noticed Natasha
  2030 | D:2      | You fall into a shaft and drop 2 floors!
  2269 | D:4      | Noticed Edmund
  2275 | D:4      | Identified the ring of Surprise {rN+ Int+2 SInv}
  2281 | D:4      | Slain by Edmund

Illustrated notes

Levels and vault maps discovered:
D:1:      lemuel_arrival_cross, layout_loops_cross, xom_teletrap_fun
D:2:      layout_loops_ring, eat_drink_and_be_merry_uskayaw,
          grunt_temple_overflow_open, chequers_ecumenical_altar_grove,
          uniq_robin, uniq_natasha
D:3:      layout_rooms, led_sif_book, uniq_jessica, uniq_ijyb
D:4:      layout_loops_ring, lemuel_doored_altar, minmay_temple_entry_poolview,
          uniq_edmund, uniq_sigmund, uniq_menkaure, uniq_grinder

Skill      XL: |  1  2  3  4 |
---------------+-------------+-----
Fighting       | 1 |  1.4
Dodging        | 2 |  2.0
Stealth        | 3 |  3.0
Short Blades   | 1 |  1.0
Throwing       | |  0.1
Armour         | |  0.2
Spellcasting   | |  2.8
Necromancy     | |  4.5

Action                   |  1- 3 |  4- 6 || total
-------------------------+-------+-------++-------
Melee: Dagger            |    80 |    18 ||    98
Throw: Dart              |    13 |       ||    13
 Cast: Pain              |    12 |       ||    12
       Vampiric Draining |     1 |       ||     1
 Abil: Shaft Self        |       |     1 ||     1
 Stab: Sleeping          |     3 |     1 ||     4
  Eat: Chunk             |     3 |     1 ||     4
Armor: Robe              |     6 |       ||     6
       Leather armour    |     1 |     3 ||     4
Dodge: Dodged            |    41 |    17 ||    58
